 Dungeon Crawl Stone Soup version 0.20.1-1-g8b1a95d (webtiles) character file.

364 Chaoticas the Digger (level 6, 0/32 HPs)
             Began as a Gargoyle Earth Elementalist on July 20, 2017.
             Was a Follower of Sif Muna.
             Slain by Duvessa
             ... wielding a +0 rapier
              (13 damage)
             ... on level 4 of the Dungeon.
             The game lasted 00:14:16 (3874 turns).

Chaoticas the Digger (Gargoyle Earth Elementalist)  Turns: 3874, Time: 00:14:17

Health: 0/32       AC:  6    Str: 11    XL:     6   Next: 67%
Magic:  4/12       EV: 12    Int: 18    God:    Sif Muna [*.....]
Gold:   174        SH:  0    Dex: 10    Spells: 9/13 levels left

rFire    . . .     SeeInvis .   t - +1 dagger (venom)
rCold    + . .     Gourm    .   (no shield)
rNeg     + . .     Faith    .   c - +0 robe
rPois    ∞         Spirit   .   (no helmet)
rElec    +         Reflect  .   (no cloak)
rCorr    .         Harm     .   (no gloves)
MR       +....                  (no boots)
Stlth    ++........             (no amulet)
Regen    0.1/turn               u - ring of protection from cold
MPRegen  0.2/turn               y - ring of protection from magic

@: no status effects
A: negative energy resistance 1, electricity resistance, unbreathing,
petrification resistance, rot immunity, AC +4
a: Divine Energy, Renounce Religion


You were on level 4 of the Dungeon.
You worshipped Sif Muna.
Sif Muna was aware of your devotion.
You were not hungry.

You visited 1 branch of the dungeon, and saw 4 of its levels.

You collected 174 gold pieces.

Inventory:

Hand Weapons
 n - a +0 whip
   (You took it off a gnoll on level 2 of the Dungeon)
 t - a +1 dagger of venom (weapon)
   (You took it off a goblin on level 2 of the Dungeon)
Missiles
 b - 52 stones (quivered)
Armour
 c - a +0 robe (worn)
 r - a +0 buckler
   (You found it on level 2 of the Dungeon)
 v - a +0 cloak
   (You found it on level 3 of the Dungeon)
Jewellery
 u - a ring of protection from cold (left hand)
   (You found it on level 3 of the Dungeon)
 y - a ring of protection from magic (right hand)
   (You found it on level 3 of the Dungeon)
 z - a +3 ring of evasion {unknown}
   (You found it on level 3 of the Dungeon)
Wands
 A - a wand of digging (14/24)
   (You found it on level 3 of the Dungeon)
 B - a wand of random effects (24/48)
   (You took it off Ijyb on level 3 of the Dungeon)
Scrolls
 a - 3 scrolls of fog {unknown}
 f - 3 scrolls of teleportation {unknown}
 h - a scroll of noise {unknown}
 j - 2 scrolls of remove curse {unknown}
 p - 3 scrolls of identify {unknown}
 w - a scroll of immolation {unknown}
 D - a scroll of enchant weapon {unknown}
Potions
 k - 3 potions of flight {unknown}
 l - a potion of mutation {unknown}
 o - a potion of lignification {unknown}
 q - a potion of haste {unknown}
 s - a potion of brilliance {unknown}
 x - a potion of curing {unknown}
 C - a potion of might {unknown}
 E - a potion of ambrosia {unknown}
Books
 e - a book of Geomancy

   Spells                             Type                      Level
   a - Sandblast                      Earth                        1
   b - Passwall                       Transmutation/Earth          2
   c - Stone Arrow                    Conjuration/Earth            3
   d - Petrify                        Transmutation/Earth          4
   e - Lee's Rapid Deconstruction     Earth                        5
Comestibles
 d - 3 bread rations
 g - a meat ration
 i - a royal jelly
 m - 2 chunks of flesh


   Skills:
 - Level 1.5 Dodging
 - Level 2.1 Stealth
 + Level 4.0 Spellcasting
   Level 0.7 Transmutations
 * Level 7.3 Earth Magic


You had 9 spell levels left.
You knew the following spells:

 Your Spells              Type           Power        Failure   Level  Hunger
a - Sandblast             Erth           ####..       1%          1    None
b - Stone Arrow           Conj/Erth      ###...       10%         3    ###....


Dungeon Overview and Level Annotations

Branches:
Dungeon (4/15)
 Temple: D:4-7

Altars:
Gozag
Makhleb
Sif Muna
Zin

Shops:
D:3 *

Annotations:
D:4 Duvessa


Innate Abilities, Weirdness & Mutations

You are resistant to torment.
Your stone body is resilient. (AC +4)
You are immune to poison.
You resist negative energy. (rN+)
You are resistant to electric shocks. (rElec)
You can survive without breathing.
You are immune to petrification.
You are immune to rotting.


Message History

Aim: Dowan, wielding a dagger and wearing a robe (moderately wounded)
The blast of sand hits Duvessa.
Duvessa is moderately wounded.
b - 55 stones Duvessa closely misses you.
You closely miss Duvessa.
Duvessa is moderately wounded.
Duvessa hits you with a rapier. Dowan hits you but does no damage.
Duvessa hits you with a rapier.
* * * LOW HITPOINT WARNING * * *
Casting: Sandblast
Confirm with . or Enter, or press ? or * to list all spells.
Aiming: Sandblast
Press: ? - help, Shift-Dir - straight line, f/p - Dowan
Aim: Dowan, wielding a dagger and wearing a robe (moderately wounded)
The blast of sand hits Dowan.
You kill Dowan!
Sif Muna accepts your kill.
Duvessa weeps, then rights herself and shakes her weapon.
Duvessa goes berserk!
You can now request divine energy to cast spells with insufficient magic.
Your Spellcasting skill increases to level 4!
b - 54 stones Duvessa barely misses you.
There is a stone staircase leading up here.
Casting: Sandblast
Confirm with . or Enter, or press ? or * to list all spells.
Aiming: Sandblast
Press: ? - help, Shift-Dir - straight line, f - Duvessa
Aim: Duvessa, wielding a rapier and wearing a leather armour (moderately wounded, berserk, fast, unusually strong)
The blast of sand hits Duvessa.
Duvessa is heavily wounded.
b - 53 stones
* * * LOW MAGIC WARNING * * *
Duvessa completely misses you. Duvessa misses you.
You hit Duvessa but do no damage.
Duvessa is heavily wounded.
Duvessa hits you with a rapier.
* * * LOW HITPOINT WARNING * * *
Casting: Sandblast
Confirm with . or Enter, or press ? or * to list all spells.
Aiming: Sandblast
Press: ? - help, Shift-Dir - straight line, f/p - Duvessa
Aim: Duvessa, wielding a rapier and wearing a leather armour (heavily wounded, berserk, fast, unusually strong)
The blast of sand hits Duvessa.
Duvessa is severely wounded.
b - 52 stones
* * * LOW MAGIC WARNING * * *
Duvessa barely misses you. Duvessa hits you with a rapier!
You die...

.. #### #....
##.. #.... #..##
#)...####..@#
#........)e##
#.........##
##.#.......#
#..#.......#
........†?.#
..#####......##
#?.......†....##
#####..........#


You could see Duvessa (berserk).

Vanquished Creatures
  The ghost of AverageBear the Cutter, an amateur DEFi (D:3)
  Dowan (D:4)
  A hound (D:4)
  Ijyb (D:3)
  4 gnolls (D:2)
  6 adders
  3 worms
  A dart slug (D:1)
  3 leopard geckos
  2 orcs (D:3)
  5 ball pythons
  4 giant cockroaches
  12 goblins
  6 hobgoblins
  6 jackals (D:3)
  8 kobolds
  2 quokkas
  6 bats
  3 frilled lizards
  9 rats
84 creatures vanquished.

Notes
Turn   | Place    | Note
-------+----------+-------------------------------------------
     0 | D:1      | Chaoticas the Gargoyle Earth Elementalist began the quest for the Orb.
     0 | D:1      | Reached XP level 1. HP: 10/10 MP: 3/3
   232 | D:1      | HP: 5/10 [rat (2)]
   410 | D:1      | Reached skill level 4 in Earth Magic
   542 | D:1      | Reached XP level 2. HP: 15/15 MP: 3/5
  1129 | D:2      | Found a burning altar of Makhleb.
  1167 | D:2      | Reached XP level 3. HP: 17/19 MP: 6/6
  2011 | D:2      | Reached skill level 5 in Earth Magic
  2027 | D:2      | Reached XP level 4. HP: 24/24 MP: 5/8
  2117 | D:2      | Found a deep blue altar of Sif Muna.
  2131 | D:2      | Became a worshipper of Sif Muna the Loreminder
  2291 | D:2      | Reached skill level 3 in Spellcasting
  2305 | D:2      | HP: 11/24 [gnoll/whip (3)]
  2306 | D:2      | Reached XP level 5. HP: 13/28 MP: 1/9
  2954 | D:3      | Found Zin's Purification Station.
  2959 | D:3      | Found a glowing silver altar of Zin.
  2995 | D:3      | Reached skill level 6 in Earth Magic
  3004 | D:3      | Learned a level 3 spell: Stone Arrow
  3263 | D:3      | Noticed AverageBear's ghost (amateur DEFi)
  3282 | D:3      | AverageBear's ghost turns its malevolent gaze towards you.
  3298 | D:3      | Killed AverageBear's ghost
  3298 | D:3      | Reached XP level 6. HP: 22/32 MP: 4/11
  3573 | D:3      | Noticed Ijyb
  3592 | D:3      | Killed Ijyb
  3851 | D:4      | Found an opulent altar of Gozag.
  3854 | D:4      | Noticed Dowan
  3859 | D:4      | Reached skill level 7 in Earth Magic
  3860 | D:4      | Noticed Duvessa
  3869 | D:4      | HP: 16/32 [Duvessa/rapier (6)]
  3870 | D:4      | Killed Dowan
  3870 | D:4      | Reached * piety under Sif Muna
  3870 | D:4      | Reached skill level 4 in Spellcasting
  3874 | D:4      | Slain by Duvessa

Skill      XL: |  1  2  3  4  5  6 |
---------------+-------------------+-----
Earth Magic    | 4 5 6 7 |  7.3
Spellcasting   | 3 4 |  4.0
Dodging        | |  1.5
Stealth        | |  2.1
Transmutations | |  0.7

Action                   |  1- 3 |  4- 6 || total
-------------------------+-------+-------++-------
Melee: Unarmed           |    42 |       ||    42
       Flail             |    59 |    14 ||    73
       Dagger            |       |    72 ||    72
       Whip              |       |    11 ||    11
 Cast: Sandblast         |    28 |    58 ||    86
       Stone Arrow       |       |     1 ||     1
 Stab: Sleeping          |     2 |     2 ||     4
  Eat: Chunk             |     4 |     6 ||    10
Armor: Robe              |    49 |    37 ||    86
Dodge: Dodged            |    76 |    92 ||   168
